 Dungeon Crawl Stone Soup version 0.27-a0-101-g3cb999cee2 (webtiles) character file.

Game seed: 5609574353108995654

2062 kae the Grappler (level 9, -2/88 HPs)
             Began as a Troll Monk on Jan 21, 2021.
             Slain by a killer bee (5 damage)
             ... on level 8 of the Dungeon.
             The game lasted 00:05:22 (4250 turns).

kae the Grappler (Troll Monk)                       Turns: 4250, Time: 00:05:23

Health: -2/88      AC: 10    Str: 24    XL:     9   Next: 5%
Magic:  8/8        EV: 12    Int:  6    God:
Gold:   295        SH:  0    Dex: 12    Spells: 8/8 levels left

rFire    + . .     SeeInvis .     - Unarmed
rCold    . . .     Faith    .   (no shield)
rNeg     . . .     Spirit   .   a - +1 robe
rPois    .         Reflect  .   i - +2 hat
rElec    .         Harm     .   h - +0 cloak
rCorr    .         Rampage  .   (gloves unavailable)
Will     +....                  (boots unavailable)
Stlth    ++........             (no amulet)
HPRegen  0.64/turn              l - ring of protection from fire
MPRegen  0.11/turn              v - ring of willpower

@: lethally poisoned (-2 -> -32), about to teleport
A: large, unfitting armour, claws 3, regeneration 1, shaggy fur 1, tough skin 3
a: no special abilities


You were on level 8 of the Dungeon.
You visited 1 branch of the dungeon, and saw 7 of its levels.
You also visited: Ossuary.

You collected 295 gold pieces.

Inventory:

Armour
 a - a +1 robe (worn)
 h - a +0 cloak (worn)
 i - a +2 hat (worn)
Jewellery
 l - a ring of protection from fire (left claw)
 v - a ring of willpower (right claw)
Wands
 n - a wand of iceblast (8)
Scrolls
 e - a scroll of fog
 f - 4 scrolls of teleportation
 g - 3 scrolls of enchant armour
 k - 5 scrolls of remove curse
 m - a scroll of amnesia
 o - a scroll of identify
 p - a scroll of enchant weapon
 t - a scroll of fear
Potions
 b - a potion of heal wounds
 c - 3 potions of mutation
 d - a potion of berserk rage
 j - 4 potions of curing
 q - a potion of brilliance
 r - 3 potions of resistance
 s - 3 potions of attraction
 u - a potion of cancellation
 w - 2 potions of might


   Skills:
 + Level 5.5 Fighting
 + Level 5.5 Dodging
 - Level 1.0 Stealth
 * Level 9.0 Unarmed Combat


You had 8 spell levels left.
You didn't know any spells.
Your spell library contained the following spells:

 Spells                   Type           Power        Failure   Level
 Corona                   Hex            0%           45%         1
 Shock                    Conj/Air       0%           45%         1
 Ensorcelled Hibernation  Hex/Ice        0%           58%         2
 Swiftness                Air            0%           58%         2
 Confusing Touch          Hex            0%           83%         3
 Dazzling Flash           Conj/Hex       0%           83%         3
 Static Discharge         Conj/Air       0%           83%         3
 Tukima's Dance           Hex            0%           83%         3
 Airstrike                Air            0%           99%         4
 Lightning Bolt           Conj/Air       0%           100%        5


Dungeon Overview and Level Annotations

Branches:
Dungeon (8/15)            Ossuary (visited)
 Temple: D:4-7         Lair: D:8-11

Altars:
Makhleb
Qazlal

Annotations:
D:6 Dowan


Innate Abilities, Weirdness & Mutations

You are too large for most types of armour.
You have claws for hands.
Your natural rate of healing is unusually fast.
You are covered in fur. (AC +1)
You have extremely tough skin. (AC +3)


Message History

The killer bee poisons you! The killer bee barely misses you.
The iguana barely misses you. The hound barely misses you.
The killer bee stings you.
* * * LOW HITPOINT WARNING * * *
You are more poisoned.
The killer bee poisons you! The killer bee barely misses you.
The killer bee misses you.
* * * LOW HITPOINT WARNING * * *
You feel very sick. The hound closely misses you.
The killer bee closely misses you. The killer bee stings you.
* * * LOW HITPOINT WARNING * * *
You are more poisoned.
The killer bee poisons you! The hound closely misses you.
Okay, then.
* * * LOW HITPOINT WARNING * * *
You feel very sick. The iguana closely misses you. The hound barely misses you.
The killer bee stings you.
You die...

...#.......#....#,,,,,* *,,,,*
...#######'#....#,,,,,* *,,,,*
................#+#####*****+***
......................#,,*,,,,,*
......................+,,*,,,,,*
...............(......#,,*,,,,,*
##....######..........#,,*,,,,,*
,#....#,,,,##+##......#,,*,,,,,*
,+....#,,,<,,,,#@lB...#,,+,,,,,*
,#....#,,,,,,,,#yh....#,,*,,,,,*
*#....#,,,,**,,#yy....#***,,,,,*
,#<...#,,,,**,,#.).......,,*****
,+....#,,,,,*,,#.........,,*
,#....#,,,,,*,,+.........,,*
##....####*****#.........,,*
..).......,,,,,..........,,*
.........),,,,,..........,,*


You could see an iguana, a hound, 3 killer bees and a giant cockroach.

Vanquished Creatures
  An ice beast (D:5)
  3 phantoms
  3 ogres
  A centaur (D:8)
  3 elf zombies (Ossuary)
  3 scorpions
  4 wights (D:8)
  2 centaur zombies
  2 human zombies (Ossuary)
  4 orc wizards
  5 orc priests
  2 bullfrog skeletons
  A centaur skeleton (D:6)
  4 worker ants
  2 mummies (Ossuary)
  3 gnolls (D:3)
  A howler monkey skeleton (D:4)
  10 adders
  An ufetubus (D:5)
  2 adder zombies (Ossuary)
  A worm (D:2)
  4 dart slugs
  2 leopard geckos
  23 orcs
  5 bats
  5 goblins
  4 hobgoblins
  4 jackals (D:2)
  3 quokkas
  6 frilled lizards
  A giant cockroach zombie (D:3)
  A goblin zombie (Ossuary)
  8 hobgoblin zombies (Ossuary)
  5 kobolds
  12 kobold zombies (Ossuary)
  A leopard gecko skeleton (D:5)
  8 orc zombies (Ossuary)
  11 rats
161 creatures vanquished.

Vanquished Creatures (others)
  5 plants (D:3)
5 creatures vanquished.

Grand Total: 166 creatures vanquished

Notes
Turn   | Place    | Note
-------+----------+-------------------------------------------
     0 | D:1      | kae the Troll Monk began the quest for the Orb.
     0 | D:1      | Reached XP level 1. HP: 22/22 MP: 0/0
   237 | D:1      | Reached XP level 2. HP: 29/29 MP: 1/1
   651 | D:2      | Reached XP level 3. HP: 36/36 MP: 2/2
  1011 | D:2      | Reached skill level 4 in Unarmed Combat
  1317 | D:3      | Reached XP level 4. HP: 44/44 MP: 3/3
  1412 | D:3      | Reached XP level 5. HP: 31/53 MP: 4/4
  1491 | D:3      | Reached skill level 5 in Unarmed Combat
  1762 | D:3      | Reached XP level 6. HP: 61/61 MP: 5/5
  2102 | D:4      | Reached skill level 6 in Unarmed Combat
  2102 | D:4      | Reached XP level 7. HP: 66/68 MP: 6/6
  2606 | D:4      | Found a stormy altar of Qazlal.
  2658 | D:5      | Entered Level 5 of the Dungeon
  2780 | D:5      | Reached skill level 7 in Unarmed Combat
  3089 | D:5      | Reached XP level 8. HP: 54/79 MP: 7/7
  3654 | D:6      | Noticed Dowan
  3717 | D:6      | Found a burning altar of Makhleb.
  3718 | D:6      | You fall into a shaft and drop 2 floors!
  3789 | D:8      | Reached skill level 8 in Unarmed Combat
  3794 | D:8      | Reached skill level 5 in Fighting
  3794 | D:8      | Reached skill level 5 in Dodging
  3869 | D:8      | Found a sand-covered staircase.
  3881 | Ossuary  | Entered an ossuary
  4077 | Ossuary  | Reached XP level 9. HP: 49/88 MP: 8/8
  4245 | D:8      | Reached skill level 9 in Unarmed Combat
  4250 | D:8      | HP: 3/88 [poisoned by a killer bee]
  4250 | D:8      | Slain by a killer bee

Illustrated notes

Levels and vault maps discovered:
D:1:      doesnt_arrival_eight_statues, layout_rooms, nrook_loot_triangle,
          kennysheep_small_spiral
D:2:      layout_loops_corners, minmay_misc_feat_cross
D:3:      layout_rooms, serial_bayou_ford_a, st_stairs_2, serial_bayou_crossing
D:4:      layout_rooms, kennysheep_mini_moat
D:5:      layout_basic, eino_curves_03, minmay_misc_feat_roman
D:6:      layout_loops_corners, lemuel_round_altar, lemuel_round_altar,
          nzn_hepliaklqana_mist_gate, temple_green, serial_shops,
          kennysheep_mini, uniq_duvessa
D:8:      layout_gridville, kennysheep_little_box,
          nicolae_ossuary_entry_monument, uniq_pikel

Skill      XL: |  1  2  3  4  5  6  7  8  9 |
---------------+----------------------------+-----
Unarmed Combat | 4 5 6 7 8 9 |  9.0
Fighting       | 3 4 5 |  5.5
Dodging        | 3 4 5 |  5.5
Stealth        | |  1.0

Action                   |  1- 3 |  4- 6 |  7- 9 || total
-------------------------+-------+-------+-------++-------
Melee: Unarmed           |    81 |   132 |   256 ||   469
       Punch             |       |     3 |     8 ||    11
  Use: Scroll            |    10 |       |    11 ||    21
       Potion            |       |       |     1 ||     1
 Stab: Sleeping          |     2 |     4 |       ||     6
       Distracted        |       |     1 |       ||     1
Armor: Robe              |    37 |    73 |   121 ||   231
Dodge: Dodged            |    30 |    97 |   186 ||   313

Table legend: (Time is in decaauts)
 A = Elapsed time spent in this place.
 B = Non-inter-level travel time spent in this place.
 C = Inter-level travel time spent in this place.
 D = Time resting spent in this place.
 E = Time spent auto-exploring this place.
 F = Levels seen in this place.
 G = Mean time per level.
                   A        B        C        D        E       F      G
               +--------+--------+--------+--------+--------+-----+--------+
         Total |   4212 |   4050 |    162 |    150 |   2999 |   8 |  526.5 |
       Dungeon |   3896 |   3734 |    162 |    116 |   2860 |   7 |  556.6 |
       Ossuary |    316 |    316 |      0 |     34 |    139 |   1 |  316.0 |
               +--------+--------+--------+--------+--------+-----+--------+

Top non-repeatable levels by time:
     D:5: 902 daAuts
     D:2: 795 daAuts
     D:3: 737 daAuts
     D:4: 614 daAuts
     D:1: 506 daAuts
 Ossuary: 316 daAuts
     D:8: 194 daAuts
     D:6: 146 daAuts
